 Dungeon Crawl Stone Soup version 0.20.1-1-g8b1a95d (webtiles) character file.

34 HessuHobo the Skirmisher (level 3, -2/29 HPs)
             Began as a Demonspawn Abyssal Knight on Oct 26, 2017.
             Was a Follower of Lugonu.
             Slain by an adder (3 damage)
             ... on level 2 of the Dungeon.
             The game lasted 00:15:51 (1046 turns).

HessuHobo the Skirmisher (DsAK)                     Turns: 1046, Time: 00:15:52

Health: -2/29      AC:  4    Str: 13    XL:     3   Next: 14%
Magic:  5/5        EV: 11    Int: 13    God:    Lugonu [*.....]
Gold:   25         SH:  0    Dex: 12    Spells: 2/2 levels left

rFire    . . .     SeeInvis .   a - +1 hand axe
rCold    . . .     Gourm    .   (no shield)
rNeg     . . .     Faith    .   b - +0 leather armour
rPois    .         Spirit   .   (no helmet)
rElec    .         Reflect  .   (no cloak)
rCorr    .         Harm     .   (no gloves)
MR       .....                  (no boots)
Stlth    +.........             (no amulet)
Regen    0.1/turn               (no ring)
MPRegen  0.1/turn               (no ring)

@: lethally poisoned (-2 -> -4)
A: claws 1, rugged brown scales 1
a: Depart the Abyss, Renounce Religion


You were on level 2 of the Dungeon.
You worshipped Lugonu.
Lugonu was aware of your devotion.
You were hungry.

You visited 1 branch of the dungeon, and saw 2 of its levels.
You visited the Abyss 1 time.

You collected 25 gold pieces.

Inventory:

Hand Weapons
 a - a +1 hand axe (weapon)
Armour
 b - a +0 leather armour (worn)
 n - a +0 ring mail
Jewellery
 e - an uncursed ring of ice {unknown}
Wands
 o - a wand of polymorph (6/24)
Scrolls
 d - 4 scrolls of remove curse {unknown}
 f - a scroll of enchant armour {unknown}
 l - a scroll of amnesia {unknown}
 m - a scroll of blinking {unknown}
Potions
 g - a potion of degeneration {unknown}
 i - a potion of haste {unknown}
 j - a potion of flight {unknown}
Comestibles
 c - a bread ration
 h - a royal jelly
 k - a meat ration


   Skills:
 + Level 3.3 Fighting
 * Level 2.4 Axes
 + Level 2.1 Armour
 - Level 0.8 Dodging
 * Level 3.0 Invocations


You had 2 spell levels left.
You didn't know any spells.

Dungeon Overview and Level Annotations

Branches:
Dungeon (2/15)

Altars:


Innate Abilities, Weirdness & Mutations

You have sharp fingernails.
You are partially covered in rugged brown scales. (AC +1, +3% HP)


Message History

The adder closely misses you.
You closely miss the adder.
The adder is moderately wounded.
The adder completely misses you. The adder bites you.
* * * LOW HITPOINT WARNING * * *
Okay, then.
You hit the adder.
The adder is moderately wounded.
The adder bites you.
* * * LOW HITPOINT WARNING * * *
You are poisoned.
The adder poisons you!
You miss the adder.
The adder is moderately wounded.
You feel sick. The adder barely misses you. The adder bites you.
* * * LOW HITPOINT WARNING * * *
You hit the adder.
The adder is heavily wounded.
The adder bites you.
You die...

#...# ...#..
#...#####.....
#.............
####...###.#..#
.........).....#
...............#
...............##.#
#####...###.......#
#..lS@....#####
#...####### #...#
#... #.


You could see an adder and a frilled lizard.

Vanquished Creatures
  An ooze (D:1)
  A dart slug (D:1)
  2 bats (D:1)
  2 giant cockroaches (D:1)
  3 goblins
  A hobgoblin (D:1)
  4 jackals
  7 frilled lizards
  3 kobolds
  3 rats (D:1)
27 creatures vanquished.

Notes
Turn   | Place    | Note
-------+----------+-------------------------------------------
     0 | Abyss:1  | HessuHobo the Demonspawn Abyssal Knight began the quest for the Orb.
     0 | Abyss:1  | Reached XP level 1. HP: 18/18 MP: 2/2
    41 | Abyss:1  | Noticed a small abomination
    42 | Abyss:1  | Found a corrupted altar of Lugonu.
    68 | Abyss:1  | Noticed a smoke demon
    73 | D:1      | Escaped the Abyss
   200 | D:1      | Reached * piety under Lugonu
   363 | D:1      | Gained mutation: You have sharp fingernails. [demonic ancestry]
   363 | D:1      | Reached XP level 2. HP: 10/24 MP: 4/4
  1017 | D:2      | Gained mutation: You are partially covered in rugged brown scales. (AC +1, +3% HP) [demonic ancestry]
  1017 | D:2      | Reached XP level 3. HP: 22/29 MP: 5/5
  1045 | D:2      | HP: 1/29 [adder (4)]
  1046 | D:2      | Slain by an adder

Skill      XL: |  1  2 |
---------------+-------+-----
Axes           | 2 |  2.4
Armour         | 2 |  2.1
Invocations    | 3 |  3.0
Fighting       | |  3.3
Dodging        | |  0.8

Action                   || total
-------------------------++-------
Melee: Hand axe          ||    80
Invok: Depart the Abyss  ||     1
Armor: Leather armour    ||    30
Dodge: Dodged            ||    55
